 Dungeon Crawl Stone Soup version 0.28-a0-563-gf77a47075d (webtiles) character file.

Game seed: 10217504876439439046

0 Gargoyl the Skirmisher (level 1, -6/23 HPs)
             Began as a Gnoll Abyssal Knight on Sept 30, 2021.
             Was a Follower of Lugonu.
             Mangled by a hell hound (8 damage)
             ... on level 1 of the Abyss.
             The game lasted 00:00:13 (77 turns).

Gargoyl the Skirmisher (Gnoll Abyssal Knight)         Turns: 77, Time: 00:00:14

Health: -6/23      AC:  3    Str: 12    XL:     1   Next: 0%
Magic:  3/3        EV: 12    Int:  9    God:    Lugonu [*.....]
Gold:   0          SH:  0    Dex: 12    Spells: 0/0 levels left

rFire   . . .      SeeInvis .   a - +1 hand axe
rCold   . . .      Faith    .   (no shield)
rNeg    . . .      Spirit   .   b - +0 leather armour
rPois   .          Reflect  .   (no helmet)
rElec   .          Harm     .   (no cloak)
rCorr   .          Rampage  .   (no gloves)
Will    .....                   (no boots)
Stlth   +.........              (no amulet)
HPRegen 0.07/turn               (no ring)
MPRegen 0.08/turn               (no ring)

@: no status effects
A: fangs 1, strong nose, distributed training
a: Renounce Religion, Depart the Abyss


You were on level 1 of the Abyss.
You worshipped Lugonu.
Lugonu was aware of your devotion.
You visited 0 branches of the dungeon, and saw 0 of its levels.
You visited the Abyss 1 time.

Inventory:

Hand Weapons
 a - a +1 hand axe (weapon)
Armour
 b - a +0 leather armour (worn)


   Skills:
 + Level 6.4 Fighting
 + Level 0.0 Short Blades
 + Level 0.0 Long Blades
 + Level 4.4 Axes
 + Level 0.0 Maces & Flails
 + Level 0.0 Polearms
 + Level 0.0 Staves
 + Level 0.0 Slings
 + Level 0.0 Bows
 + Level 0.0 Crossbows
 + Level 0.0 Throwing
 + Level 4.4 Armour
 + Level 2.3 Dodging
 + Level 0.0 Stealth
 + Level 0.0 Shields
 + Level 0.0 Unarmed Combat
 + Level 0.0 Spellcasting
 + Level 0.0 Conjurations
 + Level 0.0 Hexes
 + Level 0.0 Summonings
 + Level 0.0 Necromancy
 + Level 0.0 Translocations
 + Level 0.0 Transmutations
 + Level 0.0 Fire Magic
 + Level 0.0 Ice Magic
 + Level 0.0 Air Magic
 + Level 0.0 Earth Magic
 + Level 0.0 Poison Magic
 + Level 4.4 Invocations
 + Level 0.0 Evocations


You couldn't memorise any spells.
You didn't know any spells.
Your spell library was empty.

Dungeon Overview and Level Annotations

Branches:
Dungeon (0/15)

Altars:


Innate Abilities, Weirdness & Mutations

You have very sharp teeth.
Your uncanny sense of smell can sniff out nearby items.
Your experience applies equally to all skills.


Message History

Welcome, Gargoyl the Gnoll Abyssal Knight.
The bosom of this dungeon contains the awesome artefact, the Orb of Zot.
Lugonu says: Depart the Abyss and spread corruption, my servant! (use the ability menu to exit the Abyss) Press ? for a list of commands and other information.
Found a corrupted altar of Lugonu.
Found a gateway leading out of the Abyss.
Found a gateway leading out of the Abyss.
A neqoxec comes into view.
The neqoxec shouts!
You hear a screech!
A rust devil comes into view.
A small abomination comes into view.
The small abomination closely misses you.
The small abomination hits you.
A tentacled starspawn comes into view.
A tentacle flies out from the starspawn's body!
A starspawn tentacle comes into view.
The small abomination barely misses you.
A tentacle flies out from the starspawn's body!
The small abomination barely misses you.
A starspawn tentacle comes into view.
A starspawn tentacle comes into view.
The small abomination barely misses you.
The neqoxec gestures at you.
Something tries to feed on your intellect!
A hell hound comes into view.
The hell hound barks!
A neqoxec comes into view.
The neqoxec shouts!
The hell hound bites you! The hell hound breathes flames at you.
The blast of flame hits you!
* * * LOW HITPOINT WARNING * * *
The hell hound bites you!
You die...

## ########.#
. #####
#..##..#. .# #
#.#.###3#..##
.. #
#.#....4.##
##..##..
#..@xX.#.##.
#.#3# .
....3.#h##..##
#.##.....
...##..####.#
# ..4... #
#.##.#.#.####.
..### #..
.#####..# #.##
#.. . ...#
.#.#.#. ..
#..# ## .
ยง... .. . ##.
#...###....###
.# # # ## #
.#.#. #.#


You could see a tentacled starspawn, a rust devil, 2 neqoxecs, a hell hound
(catching breath) and a small abomination.

Vanquished Creatures (others)
  4 starspawn tentacles (Abyss:1)
4 creatures vanquished.

Notes
Turn   | Place    | Note
-------+----------+-------------------------------------------
     0 | Abyss:1  | Gargoyl the Gnoll Abyssal Knight began the quest for the
                  | Orb.
     0 | Abyss:1  | Reached XP level 1. HP: 23/23 MP: 3/3
    44 | Abyss:1  | Noticed a neqoxec
    49 | Abyss:1  | Noticed a rust devil
    53 | Abyss:1  | Noticed a small abomination
    68 | Abyss:1  | Noticed a tentacled starspawn
    75 | Abyss:1  | Noticed a hell hound
    75 | Abyss:1  | Noticed a neqoxec
    77 | Abyss:1  | Mangled by a hell hound

Illustrated notes

Levels and vault maps discovered:
Abyss:1:  base: Temple, bh_silent_lugonu_exit, base:
Temple

Action                   || total
-------------------------++-------
Dodge: Dodged            ||     4

Table legend: (Time is in decaauts)
 A = Elapsed time spent in this place.
 B = Non-inter-level travel time spent in this place.
 C = Inter-level travel time spent in this place.
 D = Time resting spent in this place.
 E = Time spent auto-exploring this place.
 F = Levels seen in this place.
 G = Mean time per level.
                   A        B        C        D        E       F      G
               +--------+--------+--------+--------+--------+-----+--------+
         Total |     77 |     77 |      0 |      0 |     42 |   1 |   77.0 |
         Abyss |     77 |     77 |      0 |      0 |     42 |   1 |   77.0 |
               +--------+--------+--------+--------+--------+-----+--------+

Top non-repeatable levels by time:
 Abyss:1: 77 daAuts
